 Dungeon Crawl Stone Soup version 0.21.1-1-g345015fe64 (webtiles) character file.

9769 KleinerIrrer the Blocker (level 11, -4/85 HPs)
             Began as a Formicid Fighter on Apr 2, 2018.
             Was an Elder of Cheibriados.
             Slain by Snorg (6 damage)
             ... on level 10 of the Dungeon.
             The game lasted 00:24:36 (9956 turns).

KleinerIrrer the Blocker (Formicid Fighter)         Turns: 9956, Time: 00:24:36

Health: -4/85      AC: 13    Str: 38    XL:     11   Next: 80%
Magic:  0/16       EV: 13    Int: 19    God:    Cheibriados [****..]
Gold:   226        SH: 14    Dex: 20    Spells: 15/17 levels left

rFire    . . .     SeeInvis +   b - +7 long sword "Nushru" {venom, +Rage MR+}
rCold    . . .     Gourm    .   c - +0 shield
rNeg     . . .     Faith    .   I - +0 chain mail
rPois    +         Spirit   +   (helmet unavailable)
rElec    .         Reflect  .   (no cloak)
rCorr    .         Harm     .   (no gloves)
MR       +++..                  q - +1 pair of boots
Stlth    ..........             g - amulet of guardian spirit
HPRegen  0.24/turn              w - ring of protection from magic
MPRegen  0.15/turn              H - ring of poison resistance

@: mighty, very slow
A: permanent stasis, dig shafts and tunnels, four strong arms, antennae 3
a: Dig, Shaft Self, Bend Time, Temporal Distortion, Slouch, Renounce Religion


You were on level 10 of the Dungeon.
You worshipped Cheibriados.
Cheibriados was greatly pleased with you.
You were not hungry.

You visited 2 branches of the dungeon, and saw 11 of its levels.

You collected 506 gold pieces.
You spent 280 gold pieces at shops.

Inventory:

Hand Weapons
 a - a +0 war axe
 b - the +7 long sword "Nushru" (weapon) {venom, +Rage MR+}
   (You found it on level 6 of the Dungeon)

   It poisons the flesh of those it strikes.
   It affects your resistance to hostile enchantments.
   It lets you go berserk.
 u - a +2 mace of crushing
 y - a +0 antimagic halberd
 C - a +3 trident of freezing
 K - a +3 battleaxe
Missiles
 t - 21 bolts
Armour
 c - a +0 shield (worn)
 q - a +1 pair of boots (worn)
 E - a +0 ring mail of fire resistance
 I - a +0 chain mail (worn)
Jewellery
 g - an amulet of guardian spirit (around neck)
 p - a +4 amulet of reflection
 w - a ring of protection from magic (left hand)
 D - an uncursed amulet of harm
 H - a ring of poison resistance (right hand)
Wands
 s - a wand of iceblast (29)
 O - a wand of flame (12)
Scrolls
 e - 3 scrolls of amnesia
 h - 2 scrolls of summoning
 j - 5 scrolls of remove curse
 m - 2 scrolls of enchant armour
 A - a scroll of random uselessness
 B - 2 scrolls of immolation
 G - a scroll of enchant weapon
 J - a scroll of fog
 L - a scroll of fear
Potions
 d - 2 potions of might
 i - 2 potions of flight
 l - 3 potions of ambrosia
 n - 2 potions of degeneration
 o - 2 potions of heal wounds
 r - a potion of curing
 v - 4 potions of lignification
 x - a potion of brilliance
 F - a potion of magic
Books
 k - a book of Callings

   Spells                             Type                      Level
   a - Summon Small Mammal            Summoning                    1
   b - Call Imp                       Summoning                    2
   c - Call Canine Familiar           Summoning                    3
   d - Summon Guardian Golem          Hexes/Summoning              3
   e - Summon Lightning Spire         Summoning/Air                4
   f - Summon Ice Beast               Ice/Summoning                4
 M - a book of Battle

   Spells                             Type                      Level
   a - Infusion                       Charms                       1
   b - Shroud of Golubria             Charms/Translocation         2
   c - Song of Slaying                Charms                       2
   d - Spectral Weapon                Hexes/Charms                 3
   e - Regeneration                   Charms/Necromancy            3
 N - a book of Party Tricks

   Spells                             Type                      Level
   a - Summon Butterflies             Summoning                    1
   b - Apportation                    Translocation                1
   c - Lesser Beckoning               Translocation                3
   d - Tukima's Dance                 Hexes                        3
   e - Alistair's Intoxication        Transmutation/Poison         5
   f - Invisibility                   Hexes                        6
Comestibles
 f - 12 rations


   Skills:
 + Level 7.7 Fighting
 * Level 8.5 Long Blades
 - Level 7.1 Axes
 + Level 7.8 Armour
 * Level 4.9 Dodging
 + Level 9.3 Shields
 * Level 3.9 Spellcasting
 * Level 3.9 Charms


You had 15 spell levels left.
You knew the following spells:

 Your Spells              Type           Power        Failure   Level  Hunger
a - Song of Slaying       Chrm           ###.....     13%         2    ##.....


Dungeon Overview and Level Annotations

Branches:
Dungeon (10/15)            Temple (1/1) D:6
   Lair: D:8-11         Orc: D:9-12

Altars:
Ashenzari
Cheibriados
Dithmenos
Elyvilon
Fedhas
Gozag
Hepliaklqana
Kikubaaqudgha
Makhleb
Nemelex Xobeh
Okawaru
Qazlal
Ru
Sif Muna
Trog
Uskayaw
Vehumet
Wu Jian
Xom
Yredelemnul
Zin
The Shining One

Shops:
D:5 }   D:6 =   D:10 ?

Annotations:
D:10 Snorg


Innate Abilities, Weirdness & Mutations

You cannot be hasted, slowed, berserked, paralysed or teleported.
You can dig through walls and to a lower floor.
Your four strong arms can wield two-handed weapons with a shield.
You have a pair of large antennae on your head. (SInv)


Message History

* * * LOW HITPOINT WARNING * * *
Unknown command.
You slice Snorg!!
Snorg is heavily wounded.
You block Snorg's attack. x2; Snorg closely misses you.
Snorg bites you but does no damage. You block Snorg's attack.
Snorg barely misses you.
Unknown command.
You slash Snorg!
Snorg looks as sick as possible!
Snorg is heavily wounded.
You block Snorg's attack. Snorg barely misses you. You block Snorg's attack.
Unknown command.
You slash Snorg!
Snorg looks as sick as possible!
Snorg is heavily wounded.
Snorg bites you but does no damage. Snorg closely misses you.
Snorg barely misses you. You block Snorg's attack. x3
You closely miss Snorg.
Snorg is heavily wounded.
Snorg bites you.
You die...

. ..######### .........#
####
.........###########...
####..................
#......#####.......
#......#...#.......
##.....#...........
#@....#...#.......
.....YT.........#.......
......#.....#...#.......
'#'####.....#####.......
.. .............).(((
###..############# ..#
..#


You could see Snorg (berserk) and an ice beast.

Vanquished Creatures
  Josephine (D:10)
  A two-headed ogre (D:9)
  The ghost of Norrik the Cleaver, a novice MiMo of Okawaru (D:6)
  A manticore (D:10)
  4 hippogriffs
  A hornet (D:10)
  A wyvern (D:10)
  5 wraiths
  7 yaks
  The ghost of Bal the Stinger, an amateur DrVM (D:3)
  A hungry ghost (D:9)
  2 water moccasins
  2 phantoms (D:7)
  A black bear (D:7)
  A sky beast (D:10)
  2 ice beasts
  A necrophage (D:9)
  5 centaurs
  3 ogres
  4 bullfrogs
  Blork the orc (D:4)
  A wyvern zombie (D:6)
  5 killer bees (D:8)
  3 scorpions
  11 wights
  3 howler monkeys
  9 crimson imps
  4 orc priests
  3 centaur skeletons
  A hound (D:9)
  3 jellies
  5 bullfrog skeletons
  Natasha (thrice) (D:3)
  An iguana (D:8)
  6 orc wizards
  6 worker ants
  A killer bee zombie (D:6)
  A worker ant zombie (D:10)
  13 adders
  4 gnolls (D:7)
  2 shadow imps
  2 worms
  5 dart slugs
  4 leopard geckos
  30 orcs
  4 ball pythons
  7 giant cockroaches
  6 hobgoblins
  6 jackals
  9 kobolds
  3 quokkas
  6 bats
  5 frilled lizards
  14 goblins
  A quokka zombie (D:7)
  2 rats
235 creatures vanquished.

Notes
Turn   | Place    | Note
-------+----------+-------------------------------------------
     0 | D:1      | KleinerIrrer the Formicid Fighter began the quest for the Orb.
     0 | D:1      | Reached XP level 1. HP: 18/18 MP: 1/1
    90 | D:1      | Reached skill level 4 in Shields
   151 | D:1      | Reached XP level 2. HP: 22/24 MP: 2/2
   476 | D:1      | Reached XP level 3. HP: 30/30 MP: 3/3
  1047 | D:2      | Reached XP level 4. HP: 30/37 MP: 4/4
  1073 | D:2      | Found a snail-covered altar of Cheibriados.
  1842 | D:3      | Reached XP level 5. HP: 42/42 MP: 5/5
  1975 | D:3      | Noticed Natasha
  1984 | D:3      | Killed Natasha
  1990 | D:3      | Noticed Bal's ghost (amateur DrVM)
  2063 | D:3      | Noticed Natasha
  2105 | D:3      | Killed Natasha
  2105 | D:3      | Reached XP level 6. HP: 35/48 MP: 6/6
  2328 | D:3      | Killed Bal's ghost
  2328 | D:3      | Reached skill level 5 in Axes
  2715 | D:3      | Noticed Natasha
  2721 | D:3      | Killed Natasha
  2721 | D:3      | Reached XP level 7. HP: 54/54 MP: 7/7
  3280 | D:4      | Noticed Blork the orc
  3288 | D:4      | Killed Blork the orc
  3645 | D:4      | Reached skill level 5 in Shields
  3657 | D:4      | Reached skill level 1 in Dodging
  4170 | D:4      | Reached XP level 8. HP: 31/61 MP: 8/8
  4564 | D:5      | Entered Level 5 of the Dungeon
  5151 | D:5      | Found Geloq's Gadget Shop.
  5431 | D:5      | Reached skill level 5 in Armour
  5659 | D:6      | Got an ancient long sword
  5660 | D:6      | Identified the +7 long sword "Nushru" {venom, +Rage MR+} (You found it on level 6 of the Dungeon)
  5775 | D:6      | Reached skill level 1 in Long Blades
  6000 | D:6      | Found a staircase to the Ecumenical Temple.
  6012 | Temple   | Entered the Ecumenical Temple
  6050 | Temple   | Became a worshipper of Cheibriados the Contemplative
  6084 | D:6      | Noticed Norrik's ghost (novice MiMo)
  6111 | D:6      | Killed Norrik's ghost
  6111 | D:6      | Reached skill level 5 in Fighting
  6111 | D:6      | Reached skill level 6 in Shields
  6111 | D:6      | Reached XP level 9. HP: 19/68 MP: 9/9
  6394 | D:6      | Found Leminlea's Jewellery Shop.
  6401 | D:6      | Bought an uncursed ring of poison resistance for 280 gold pieces
  6824 | D:7      | Reached * piety under Cheibriados
  6824 | D:7      | Reached skill level 5 in Long Blades
  7296 | D:7      | Reached skill level 7 in Shields
  7322 | D:7      | Found a shadowy altar of Dithmenos.
  7850 | D:8      | Found a sacrificial altar of Ru.
  7882 | D:8      | Reached XP level 10. HP: 73/76 MP: 8/10
  7910 | D:8      | Reached ** piety under Cheibriados
  8150 | D:8      | Learned a level 2 spell: Song of Slaying
  8401 | D:9      | Reached skill level 1 in Spellcasting
  8401 | D:9      | Reached skill level 1 in Charms
  8438 | D:9      | Reached *** piety under Cheibriados
  8510 | D:9      | Noticed a two-headed ogre
  8518 | D:9      | Killed a two-headed ogre
  8518 | D:9      | Reached skill level 8 in Shields
  8643 | D:9      | Reached XP level 11. HP: 50/84 MP: 9/15
  8668 | D:9      | Found a sacrificial altar of Ru.
  8984 | D:10     | Entered Level 10 of the Dungeon
  8999 | D:10     | Noticed a manticore
  9008 | D:10     | Killed a manticore
  9189 | D:10     | Noticed Josephine
  9208 | D:10     | Killed Josephine
  9208 | D:10     | Reached skill level 9 in Shields
  9225 | D:9      | Reached **** piety under Cheibriados
  9680 | D:10     | Found Cejit's Magic Scroll Shoppe.
  9938 | D:10     | Noticed Snorg
  9952 | D:10     | HP: 1/85 [Snorg (11)]
  9956 | D:10     | Slain by Snorg

Skill      XL: |  1  2  3  4  5  6  7  8  9 10 11 |
---------------+----------------------------------+-----
Shields        | 4 5 6 7 8 9 |  9.3
Axes           | 3 4 5 6 7 |  7.1
Fighting       | 4 5 6 7 |  7.7
Armour         | 4 5 6 7 |  7.8
Dodging        | 1 2 4 |  4.9
Long Blades    | 3 6 8 |  8.5
Spellcasting   | 2 3 |  3.9
Charms         | 2 3 |  3.9

Action                   |  1- 3 |  4- 6 |  7- 9 | 10-12 || total
-------------------------+-------+-------+-------+-------++-------
Melee: War axe           |    80 |   167 |    79 |       ||   326
       Trident           |       |       |    81 |       ||    81
       Long sword        |       |       |   142 |   256 ||   398
 Cast: Song of Slaying   |       |       |       |     1 ||     1
 Abil: Dig               |       |     1 |       |       ||     1
  Use: Scroll            |       |       |    15 |     4 ||    19
       Potion            |       |       |       |     1 ||     1
  Eat: Chunk             |       |     5 |     9 |     6 ||    20
       Ration            |       |       |     2 |       ||     2
Armor: Scale mail        |    63 |    66 |    29 |       ||   158
       Ring mail         |       |       |    45 |       ||    45
       Chain mail        |       |       |     4 |    94 ||    98
Dodge: Dodged            |    34 |    50 |    81 |   126 ||   291
Block: Shield            |    56 |   102 |   175 |   207 ||   540
       Reflection        |       |     1 |     4 |       ||     5
       Rpst.: Long sword |       |       |    17 |    29 ||    46
